 Dungeon Crawl Stone Soup version 0.28-a0-895-g6e5f11bd55 (webtiles) character file.

Game seed: 5929847798271430474

273 vurker the Gusty (level 5, 0/41 HPs)
             Began as a Demigod Air Elementalist on Nov 22, 2021.
             Slain by Edmund (1 damage)
             ... on level 4 of the Dungeon.
             The game lasted 00:03:32 (3550 turns).

vurker the Gusty (Demigod Air Elementalist)         Turns: 3550, Time: 00:03:32

Health: 0/41       AC:  6    Str:  9    XL:     5   Next: 71%
Magic:  2/13       EV: 12    Int: 21    God:
Gold:   164        SH:  0    Dex: 14    Spells: 5/10 levels left

rFire   . . .      SeeInvis .   d - +2 dagger (venom)
rCold   . . .      Faith    .   (no shield)
rNeg    . . .      Spirit   .   a - +0 robe
rPois   .          Reflect  .   h - +0 helmet
rElec   .          Harm     .   k - +0 cloak
rCorr   .          Rampage  .   (no gloves)
Will    .....                   b - +1 pair of boots {Fly}
Stlth   ++........              m - amulet of the acrobat
HPRegen 0.13/turn               (no ring)
MPRegen 0.13/turn               (no ring)

@: flying
A: high mp 1, forlorn
a: no special abilities


You were on level 4 of the Dungeon.
You visited 1 branch of the dungeon, and saw 4 of its levels.

You collected 164 gold pieces.

Inventory:

Hand Weapons
 d - a +2 dagger of venom (weapon)
   (You took it off a goblin on level 1 of the Dungeon)
Armour
 a - a +0 robe (worn)
 b - a +1 pair of boots of flying (worn)
   (You found it on level 1 of the Dungeon)
 h - a +0 helmet (worn)
   (You took it off Robin on level 2 of the Dungeon)
 k - a +0 cloak (worn)
   (You took it off Crazy Yiuf on level 2 of the Dungeon)
 t - the +7 ring mail of Morality {rN+ SInv}
   (You found it on level 4 of the Dungeon)

   rN:        It protects you from negative energy.
   SInv:      It lets you see invisible.
Jewellery
 m - an amulet of the acrobat (around neck)
   (You found it on level 3 of the Dungeon)
Scrolls
 f - a scroll of teleportation {unknown}
 g - a scroll of holy word {unknown}
 j - a scroll of brand weapon {unknown}
 n - a scroll of identify {unknown}
 p - a scroll of magic mapping {unknown}
 q - a scroll of enchant armour {unknown}
 r - a scroll of noise {unknown}
Potions
 c - a potion of haste {unknown}
 e - a potion of curing {unknown}
 i - a potion of flight {unknown}
 l - a potion of resistance {unknown}
 o - a potion of lignification {unknown}
 s - a potion of brilliance {unknown}


   Skills:
 + Level 1.9 Fighting
 - Level 1.7 Dodging
 - Level 1.7 Stealth
 * Level 3.3 Spellcasting
 + Level 2.3 Conjurations
 * Level 4.1 Air Magic


You had 5 spell levels left.
You knew the following spells:

 Your Spells              Type           Power      Damage    Failure   Level
a - Shock                 Conj/Air       68%        1d7       3%          1
c - Airstrike             Air            10%        N/A       22%         4

Your spell library contained the following spells:

 Spells                   Type           Power      Damage    Failure   Level
 Static Discharge         Conj/Air       17%        N/A       5%          2
 Swiftness                Air            21%        N/A       7%          3
 Blink                    Tloc           6%         N/A       19%         2
 Lesser Beckoning         Tloc           3%         N/A       36%         3
 Manifold Assault         Tloc           3%         N/A       98%         5


Dungeon Overview and Level Annotations

Branches:
Dungeon (4/15)
 Temple: D:4-7

Annotations:
D:4 Edmund


Innate Abilities, Weirdness & Mutations

Your attributes grow dramatically as you level up.
You have an increased reservoir of magic. (+10% MP)
You shall have no god before yourself.


Message History

a +0 short sword; an orc corpse You now have 164 gold pieces (gained 13).
Found 9 gold pieces.
t - the +7 ring mail of Morality {rN+ SInv} Edmund is nearby!
Aim: Edmund, wielding a +1 vorpal flail and wearing a +0 chain mail (wandering, hasn't noticed you, 79% to hit)
The zap hits Edmund but does no damage.
Aim: Edmund, wielding a +1 vorpal flail and wearing a +0 chain mail (79% to hit)
The zap hits Edmund.
You can't see any susceptible monsters within range! (Use Z to cast anyway.)
You can't see any susceptible monsters within range! (Use Z to cast anyway.) Edmund is nearby!
Aim: Edmund, wielding a +1 vorpal flail and wearing a +0 chain mail (lightly wounded, 79% to hit)
The zap hits Edmund.
Aim: Edmund, wielding a +1 vorpal flail and wearing a +0 chain mail (lightly wounded, 79% to hit)
The zap hits Edmund.
The zap hits Edmund but does no damage.
Edmund asks, "Have you met my wondrous brother?"
Aim: Edmund, wielding a +1 vorpal flail and wearing a +0 chain mail (lightly wounded, 79% to hit)
The zap hits Edmund but does no damage.
The zap hits Edmund.
Aim: Edmund, wielding a +1 vorpal flail and wearing a +0 chain mail (moderately wounded, 79% to hit)
The zap hits Edmund.
The zap hits Edmund but does no damage.
Edmund hits you with a +1 vorpal flail.
Aim: Edmund, wielding a +1 vorpal flail and wearing a +0 chain mail (moderately wounded, 79% to hit)
The zap hits Edmund. x2; Edmund hits you with a +1 vorpal flail!
Aim: Edmund, wielding a +1 vorpal flail and wearing a +0 chain mail (heavily wounded, 79% to hit)
The zap hits Edmund. x2; Edmund completely misses you.
Aim: Edmund, wielding a +1 vorpal flail and wearing a +0 chain mail (severely wounded, 79% to hit)
The zap hits Edmund. x2; Edmund drinks a potion.
Edmund is healed!
Aim: Edmund, wielding a +1 vorpal flail and wearing a +0 chain mail (moderately wounded, 79% to hit)
The zap hits Edmund. x2; Edmund barely misses you.
Aim: Edmund, wielding a +1 vorpal flail and wearing a +0 chain mail (moderately wounded, 79% to hit)
The zap hits Edmund but does no damage.
The zap misses Edmund.
Edmund closely misses you.
Aim: Edmund, wielding a +1 vorpal flail and wearing a +0 chain mail (moderately wounded, 79% to hit)
The zap hits Edmund. x2; Edmund hits you with a +1 vorpal flail.
Aim: Edmund, wielding a +1 vorpal flail and wearing a +0 chain mail (heavily wounded, 79% to hit)
The zap hits Edmund. x2; Edmund hits you with a +1 vorpal flail.
* * * LOW HITPOINT WARNING * * *
* * * LOW HITPOINT WARNING * * *
Okay, then.
You see here a +0 club.
Aim: Edmund, wielding a +1 vorpal flail and wearing a +0 chain mail (heavily wounded, 79% to hit)
The zap hits Edmund. x2; Edmund hits you with a +1 vorpal flail.
* * * LOW HITPOINT WARNING * * *
* * * LOW HITPOINT WARNING * * *
Aim: Edmund, wielding a +1 vorpal flail and wearing a +0 chain mail (heavily wounded, 79% to hit)
The zap hits Edmund but does no damage.
The zap misses Edmund.
Edmund hits you with a +1 vorpal flail!
* * * LOW HITPOINT WARNING * * *
You die...

#....# #........#..## ##
#....# ##...)....#.?.##..#
#....# ##...###.....$...$.#
#>...###...###.#...........
###.......####....##.......
##.#......))..#####...#.#
###..#.....)#...# ..##
###....#>...@.#...## ..#
#.....##....@.#....## ..#
###...##..>..(#.....# ..#
#..##.......##...)......
##......#..###........
##....##### #..###...#
###.## ##.# #### ### ###


You could see Edmund.

Vanquished Creatures
  A sky beast (D:4)
  An iguana (D:4)
  Crazy Yiuf (D:2)
  Robin (D:2)
  3 adders
  An adder skeleton (D:4)
  A worm (D:4)
  4 orcs (D:4)
  3 ball pythons
  5 bats
  6 endoplasms
  2 giant cockroaches
  9 goblins
  17 hobgoblins
  2 jackals (D:3)
  5 kobolds
  3 quokkas
  4 frilled lizards
  3 rats
72 creatures vanquished.

Notes
Turn   | Place    | Note
-------+----------+-------------------------------------------
     0 | D:1      | vurker the Demigod Air Elementalist began the quest for the
                  | Orb.
     0 | D:1      | Reached XP level 1. HP: 14/14 MP: 5/5
    70 | D:1      | Reached skill level 1 in Conjurations
   363 | D:1      | Reached XP level 2. HP: 22/22 MP: 7/7
   448 | D:1      | Reached skill level 3 in Air Magic
  1038 | D:2      | Reached XP level 3. HP: 18/27 MP: 1/9
  1319 | D:2      | Found a runed translucent door.
  1320 | D:2      | Noticed Crazy Yiuf
  1359 | D:2      | Noticed Robin
  1367 | D:2      | Reached skill level 1 in Fighting
  1375 | D:2      | Killed Robin
  1780 | D:2      | Reached XP level 4. HP: 35/35 MP: 5/10
  1932 | D:2      | Killed Crazy Yiuf
  2949 | D:4      | Noticed Edmund
  2978 | D:4      | Reached XP level 5. HP: 36/40 MP: 2/12
  3256 | D:4      | Noticed a sky beast
  3263 | D:4      | Learned a level 4 spell: Airstrike
  3268 | D:4      | Killed a sky beast
  3269 | D:4      | Reached skill level 4 in Air Magic
  3518 | D:4      | Identified the +7 ring mail of Morality {rN+ SInv}
  3550 | D:4      | HP: 1/41 [Edmund (9)]
  3550 | D:4      | Slain by Edmund

Illustrated notes

Levels and vault maps discovered:
D:1:      minmay_arrival_hallway, layout_loops_cross
D:2:      layout_rooms, uniq_crazy_yiuf_cottage, uniq_robin
D:3:      layout_basic
D:4:      layout_cave_pools, chequers_temple_overflow_statue_of_worship,
          uniq_edmund

Skill      XL: |  1  2  3  4  5 |
---------------+----------------+-----
Conjurations   | 1 2 |  2.3
Spellcasting   | 2 3 |  3.3
Air Magic      | 3 4 |  4.1
Fighting       | 1 |  1.9
Dodging        | |  1.7
Stealth        | |  1.7

Action                   |  1- 3 |  4- 6 || total
-------------------------+-------+-------++-------
Melee: Dagger            |    40 |    11 ||    51
 Cast: Shock             |    61 |    84 ||   145
       Airstrike         |       |     3 ||     3
 Stab: Sleeping          |     1 |       ||     1
Armor: Robe              |    14 |     6 ||    20
Dodge: Dodged            |    20 |    22 ||    42

Table legend: (Time is in decaauts)
 A = Elapsed time spent in this place.
 B = Non-inter-level travel time spent in this place.
 C = Inter-level travel time spent in this place.
 D = Time resting spent in this place.
 E = Time spent auto-exploring this place.
 F = Levels seen in this place.
 G = Mean time per level.
                   A        B        C        D        E       F      G
               +--------+--------+--------+--------+--------+-----+--------+
         Total |   3554 |   3489 |     65 |      0 |   3028 |   4 |  888.5 |
       Dungeon |   3554 |   3489 |     65 |      0 |   3028 |   4 |  888.5 |
               +--------+--------+--------+--------+--------+-----+--------+

Top non-repeatable levels by time:
     D:2: 1080 daAuts
     D:1: 1005 daAuts
     D:3: 754 daAuts
     D:4: 713 daAuts
